 Dungeon Crawl Stone Soup version 0.31.0-32-g396128a36d (webtiles) character file.

Game seed: 11375672779851003156

3227 chippings the Martial Artist (level 9, 0/78 HPs)
             Began as a White Draconian Wanderer on Mar 27, 2024.
             Was an Elder of Cheibriados.
             Slain by a killer bee (4 damage)
             ... on level 8 of the Dungeon.
             The game lasted 00:17:02 (6552 turns).

chippings the Martial Artist (DrWn)                 Turns: 6552, Time: 00:17:04

Health: 0/78       AC:  9    Str: 23    XL:     9   Next: 66%
Magic:  0/13       EV: 11    Int: 26    God:    Cheibriados [****..]
Gold:   322        SH: 17    Dex: 23    Spells: 9/12 levels left

rFire   . .          .
                       - Unarmed
rCold   + . .        f - +0 tower shield
rNeg    . . .        (body armour unavailable)
rPois   .            (helmet restricted)
rElec   .            q - +0 cloak
rCorr   .            (no gloves)
SInv    .            d - +0 pair of boots
Will    .....        h - amulet of guardian spirit
Stlth   ++           (no ring)
HPRegen 0.33/turn    (no ring)
MPRegen 0.13/turn

%: guardian spirit
@: lethally poisoned (0 -> -6), studying 2 skills, very slow
A: breathe frost, AC +7, unfitting armour, cold resistance 1, cold-blooded
a: Breathe Frost, Renounce Religion, Bend Time, Temporal Distortion, Slouch


You were on level 8 of the Dungeon.
You worshipped Cheibriados.
Cheibriados was greatly pleased with you.
You visited 1 branch of the dungeon, and saw 8 of its levels.

You collected 322 gold pieces.

Inventory:

Missiles
 m - 6 boomerangs (quivered)
 p - 6 javelins
 J - a throwing net
Armour
 d - a +0 pair of boots (worn)
 f - a +0 tower shield (worn)
 q - a +0 cloak (worn)
Jewellery
 h - an amulet of guardian spirit (around neck)
Talismans
 x - a blade talisman
Wands
 y - a wand of light (1)
 G - a wand of iceblast (9)
Scrolls
 a - a scroll of blinking {unknown}
 b - a scroll of teleportation
 j - a scroll of fear
 k - a scroll of noise
 n - a scroll of immolation
 r - a scroll of butterflies {unknown}
 s - 3 scrolls of silence {unknown}
 t - a scroll of enchant weapon {unknown}
 w - 2 scrolls of poison {unknown}
 E - a scroll of torment {unknown}
 F - a scroll of enchant armour {unknown}
 H - 2 scrolls of revelation {unknown}
 I - a scroll of vulnerability {unknown}
Potions
 c - a potion of berserk rage
 e - a potion of mutation
 g - 9 potions of curing {unknown}
 i - 3 potions of lignification
 l - 4 potions of brilliance {unknown}
 o - a potion of cancellation {unknown}
 u - a potion of resistance
 v - 2 potions of heal wounds {unknown}
 z - a potion of might
 A - a potion of degeneration {unknown}
 B - a potion of ambrosia {unknown}
 C - a potion of magic {unknown}
 D - a potion of attraction {unknown}


   Skills:
 + Level 6.9 Fighting
 - Level 2.0 Staves
 - Level 2.6 Dodging
 + Level 6.2 Shields
 - Level 8.0 Unarmed Combat
 + Level 2.3 Spellcasting
 + Level 4.1 Ice Magic
 + Level 4.1 Alchemy
 + Level 6.4 Invocations


You had 9 spell levels left.
You knew the following spells:

 Your Spells              Type           Power      Damage    Failure   Level
a - Ozocubu's Armour      Ice            24%        N/A       26%         3

Your spell library contained the following spells:

 Spells                   Type           Power      Damage    Failure   Level
 Freeze                   Ice            96%        1d10      9%          1
 Frozen Ramparts          Ice            48%        1d8       26%         3
 Sandblast                Erth           6%         2d5       45%         1
 Hailstorm                Conj/Ice       13%        3d6       54%         3
 Summon Ice Beast         Ice/Summ       13%        N/A       54%         3
 Fugue of the Fallen      Necr           3%         N/A       83%         3
 Passwall                 Erth           3%         N/A       83%         3
 Stone Arrow              Conj/Erth      6%         3d7       83%         3
 Brom's Barrelling Bould  Conj/Erth      3%         2d3       99%         4
 Manifold Assault         Tloc           3%         N/A       99%         4
 Sculpt Simulacrum        Ice/Alch       12%        N/A       100%        6
 Shatter                  Erth           1%         3d6*      100%        9


Dungeon Overview and Level Annotations

Branches:
Dungeon (8/15)             Temple (0/1) D:7
   Lair: D:8-11

Altars:
Cheibriados
Makhleb

Shops:
D:3 :   D:4 *

Annotations:
D:8 Jeremiah, Prince Ribbit


Innate Abilities, Weirdness & Mutations

You can breathe waves of freezing cold which knock back foes.
Your icy white scales are hard. (AC +7)
You cannot fit into any form of body armour.
Your flesh is cold resistant. (rC+)
You are cold-blooded and may be slowed by cold attacks.


Message History

The killer bee closely misses you.
The killer bee stings you but does no damage.
You block the killer bee's attack. The killer bee stings you!
* * * LOW HITPOINT WARNING * * *
You are poisoned.
The killer bee poisons you!
You hit the killer bee.
You kill the killer bee!
Cheibriados thoroughly appreciates the change of pace.
You feel sick. You block the killer bee's attack. x2
The killer bee misses you.
You punch the killer bee! You tail-slap the killer bee.
The killer bee is severely wounded.
You feel sick. You block the killer bee's attack. x2
The killer bee stings you but does no damage.
The killer bee stings you!
* * * LOW HITPOINT WARNING * * *
You closely miss the killer bee.
The killer bee is severely wounded.
You feel sick. You block the killer bee's attack. x4
You miss the killer bee.
The killer bee is severely wounded.
You feel sick. You block the killer bee's attack. x2
The killer bee misses you. You block the killer bee's attack.
You punch the killer bee!
You kill the killer bee!
Cheibriados thoroughly appreciates the change of pace.
You feel sick. You block the killer bee's attack. x2
The killer bee stings you but does no damage.
You miss the killer bee.
You tail-slap the killer bee, but do no damage.
You feel sick. You block the killer bee's attack.
The killer bee stings you but does no damage.
You hit the killer bee.
The killer bee is moderately wounded.
You feel sick. The killer bee stings you.
* * * LOW HITPOINT WARNING * * *
You are lethally poisoned!
The killer bee poisons you! The killer bee stings you.
You die...

# #. # .#
#. #.###.
#..#..
#...# #..#
##.@##
#..†y##
.....##..#
#....#
##..#
#....
##... .##.
#.... #
......
...#.. ...
.


You could see a killer bee.

Vanquished Creatures
  Psyche (D:8)
  A water moccasin (D:5)
  A black bear (D:6)
  An ice beast (D:5)
  2 sky beasts
  4 centaurs
  3 phantoms
  3 bullfrogs
  A gnoll sergeant (D:7)
  13 killer bees (D:8)
  2 howler monkeys (D:8)
  2 bombardier beetles
  3 hounds
  A jelly (D:7)
  An orc priest (D:7)
  3 gnoll boudas
  2 sleepcaps (D:6)
  6 iguanas
  6 orc wizards
  22 gnolls
  6 adders
  4 shadow imps
  2 white imps
  2 dart slugs
  A ribbon worm (D:7)
  30 orcs
  5 endoplasms
  A giant cockroach (D:1)
  6 goblins
  4 hobgoblins
  4 jackals (D:1)
  3 quokkas
  3 ball pythons
  4 bats
  3 frilled lizards (D:1)
  5 kobolds
  4 rats
165 creatures vanquished.

Notes
Turn   | Place    | Note
-------+----------+-------------------------------------------
     0 | D:1      | chippings the Draconian Wanderer began the quest for the
                  | Orb.
     0 | D:1      | chippings set off with the following items: a +0
                  | quarterstaff, a potion of haste, a potion of berserk rage,
                  | a +0 pair of boots, a potion of mutation.
     0 | D:1      | Reached XP level 1. HP: 14/14 MP: 1/1
   201 | D:1      | Reached skill level 1 in Fighting
   201 | D:1      | Reached XP level 2. HP: 23/23 MP: 2/2
   364 | D:1      | Reached skill level 1 in Shields
  1047 | D:2      | Reached XP level 3. HP: 24/28 MP: 3/3
  1267 | D:2      | Found a faded altar of an unknown god.
  1355 | D:2      | Prayed at the altar of an unknown god.
  1355 | D:2      | Became a worshipper of Cheibriados the Contemplative
  1355 | D:2      | Reached * piety under Cheibriados
  1823 | D:3      | Found Pevir's Book Shoppe.
  1992 | D:3      | Got the Guide on the Volcano
  2267 | D:3      | Found a burning altar of Makhleb.
  2268 | D:3      | Noticed a cacodemon
  2353 | D:3      | Reached skill level 1 in Invocations
  2353 | D:3      | Reached XP level 4. HP: 6/37 MP: 1/4
  2797 | D:4      | Found Attateb's Gadget Gallery.
  2931 | D:4      | Reached XP level 5. HP: 44/44 MP: 6/6
  2983 | D:4      | Reached ** piety under Cheibriados
  3248 | D:4      | HP: 1/45 [gnoll/+1 vampiric halberd (13)]
  3250 | D:4      | Reached XP level 6. HP: 1/51 MP: 0/7
  3673 | D:4      | Reached skill level 6 in Unarmed Combat
  3821 | D:5      | Entered Level 5 of the Dungeon
  3821 | D:5      | Noticed an ice beast
  3836 | D:5      | Killed an ice beast
  3999 | D:5      | Noticed a sky beast
  4004 | D:5      | Noticed a water moccasin
  4015 | D:5      | Killed a water moccasin
  4016 | D:5      | Your scales start taking on an icy white colour.
  4016 | D:5      | Reached XP level 7. HP: 59/59 MP: 9/9
  4016 | D:5      | Gained mutation: Your flesh is cold resistant. (rC+) [White
                  | Draconian growth]
  4203 | D:5      | Reached *** piety under Cheibriados
  4304 | D:5      | Identified the +1 helmet of the Blessed Realm {Int+8}
  4367 | D:5      | Reached skill level 5 in Fighting
  4373 | D:5      | Reached XP level 8. HP: 26/68 MP: 5/11
  4711 | D:6      | Reached skill level 7 in Unarmed Combat
  4904 | D:6      | Reached skill level 5 in Invocations
  4950 | D:6      | Learned a level 3 spell: Ozocubu's Armour
  4964 | D:6      | Reached skill level 5 in Shields
  4971 | D:6      | Reached skill level 1 in Ice Magic
  4973 | D:6      | Reached **** piety under Cheibriados
  5385 | D:7      | Found a snail-covered altar of Cheibriados.
  5506 | D:7      | Found a staircase to the Ecumenical Temple.
  5541 | D:7      | Reached skill level 1 in Alchemy
  5557 | D:7      | Reached XP level 9. HP: 72/75 MP: 13/13
  5971 | D:7      | Reached ***** piety under Cheibriados
  5972 | D:7      | Reached skill level 1 in Spellcasting
  6496 | D:8      | Noticed Jeremiah
  6518 | D:8      | Noticed Psyche
  6519 | D:8      | Killed Psyche
  6520 | D:8      | Reached skill level 8 in Unarmed Combat
  6531 | D:8      | Noticed Prince Ribbit
  6552 | D:8      | Slain by a killer bee

Illustrated notes

Levels and vault maps discovered:
D:1:      psy_arrival_whirlpool, layout_basic
D:2:      layout_loops_cross, nicolae_ecumenical_lake_church, dk_noncrumbling_4
D:3:      layout_loops_ring, makhleb_altar_promises_db, serial_shops, shop,
          kennysheep_pointless_box, st_stairs_10
D:4:      layout_loops_corners, nicolae_shop_gadgets
D:5:      layout_cave_pools, skrybe_limestone_x, grunt_ministairs_11,
          minivault_26, minmay_manual_moon
D:6:      layout_basic, minmay_manual_mares
D:7:      layout_loops_ring, cheibrodos_worm_habitat, minmay_temple_entry_grid,
          serial_glass, glass_columns_b, glass_columns_c, glass_columns_a,
          glass_columns_a, glass_columns_b, minivault_26, minivault_23
D:8:      layout_layer_cave, grunt_temple_overflow_open, special_room
          [special_room_kobold], chequers_serial_rivers_room_a,
          uniq_prince_ribbit1, uniq_psyche, uniq_jeremiah

Skill      XL: |  1  2  3  4  5  6  7  8  9 |
---------------+----------------------------+-----
Fighting       | 1 2 3 4 5 6 |  6.9
Shields        | 1 2 3 4 5 6 |  6.2
Invocations    | 1 2 3 4 5 6 |  6.4
Unarmed Combat | 6 7 8 |  8.0
Ice Magic      | 2 4 |  4.1
Alchemy        | 1 4 |  4.1
Spellcasting   | 2 |  2.3
Staves         | |  2.0
Dodging        | |  2.6

Action                     |  1- 3 |  4- 6 |  7- 9 || total
---------------------------+-------+-------+-------++-------
  Melee: Unarmed           |   119 |   158 |   349 ||   626
         Tailslap          |    12 |    37 |    54 ||   103
         Punch             |     1 |       |       ||     1
   Cast: Ozocubu's Armour  |       |       |     2 ||     2
 Invoke: Bend Time         |       |       |     2 ||     2
         Slouch            |       |       |     2 ||     2
Ability: Breathe Frost     |       |       |     1 ||     1
  Evoke: Wand              |       |       |     2 ||     2
    Use: Potion            |       |     1 |       ||     1
         Scroll            |       |       |     7 ||     7
   Stab: Sleeping          |     2 |       |     1 ||     3
 Armour: Skin              |    54 |    84 |   205 ||   343
  Dodge: Dodged            |    33 |    38 |   123 ||   194
  Block: Tower shield      |    79 |   124 |   346 ||   549
